 Dungeon Crawl Stone Soup version 0.22.0-38-g04b72b8c25 (webtiles) character file.

1481 Jannitor the Skirmisher (level 8, 0/63 HPs)
             Began as a Demonspawn Warper on Aug 30, 2018.
             Was a Priest of Uskayaw.
             Succumbed to a scorpion's poison
             ... on level 7 of the Dungeon.
             The game lasted 00:09:13 (7553 turns).

Jannitor the Skirmisher (Demonspawn Warper)         Turns: 7553, Time: 00:09:14

Health: 0/63       AC:  9    Str: 18    XL:     8   Next: 50%
Magic:  12/12      EV: 13    Int: 17    God:    Uskayaw [***...]
Gold:   141        SH:  0    Dex: 13    Spells: 7/11 levels left

rFire    + . .     SeeInvis .   a - +0 short sword
rCold    . . .     Gourm    .   (no shield)
rNeg     . . .     Faith    .   p - +3 leather armour {rF+}
rPois    .         Spirit   .   (helmet restricted)
rElec    .         Reflect  .   (no cloak)
rCorr    .         Harm     .   (no gloves)
MR       +....     Rnd*Rage +   x - +0 pair of boots
Stlth    +++.......             (no amulet)
HPRegen  0.20/turn              (no ring)
MPRegen  0.13/turn              (no ring)

@: mighty, lethally poisoned (0 -> -8), flying, slowed, very slow
A: horns 1, icy blue scales 1, berserk 1, clever 1, high mp 1, magic resistance
1, nightstalker 1, spiny 1
a: Stomp, Line Pass, Renounce Religion


You were on level 7 of the Dungeon.
You worshipped Uskayaw.
Uskayaw was noncommittal.
You were very hungry.

You visited 1 branch of the dungeon, and saw 7 of its levels.
You also visited: Sewer.

You collected 261 gold pieces.
You spent 120 gold pieces at shops.

Inventory:

Hand Weapons
 a - a +0 short sword (weapon)
Missiles
 e - 5 tomahawks of dispersal (quivered)
 l - 3 curare-tipped needles
 m - 2 tomahawks
Armour
 b - a +0 leather armour
 p - a +3 leather armour of fire resistance (worn)
 x - a +0 pair of boots (worn)
Jewellery
 h - a cursed amulet of inaccuracy {unknown}
Wands
 s - a wand of polymorph (11)
 u - a wand of clouds (2)
Scrolls
 c - 2 scrolls of enchant weapon {unknown}
 d - a scroll of blinking
 g - 5 scrolls of identify {unknown}
 i - a scroll of amnesia {unknown}
 j - a scroll of magic mapping {unknown}
 k - a scroll of silence {unknown}
 n - 3 scrolls of remove curse {unknown}
 t - a scroll of fog {unknown}
 w - a scroll of teleportation {unknown}
 y - a scroll of torment {unknown}
Potions
 o - 2 potions of flight
 r - 2 potions of degeneration {unknown}
 v - a potion of brilliance {unknown}
Comestibles
 f - 7 rations


   Skills:
 + Level 5.6 Fighting
 + Level 5.1 Short Blades
 - Level 0.8 Throwing
 - Level 3.0 Armour
 + Level 3.0 Dodging
 + Level 2.2 Stealth
 - Level 2.0 Spellcasting
 - Level 2.2 Charms
 + Level 4.0 Translocations
 + Level 4.1 Invocations


You had 7 spell levels left.
You knew the following spells:

 Your Spells              Type           Power        Failure   Level  Hunger
a - Blink                 Tloc           N/A          7%          2    ###....
b - Shroud of Golubria    Chrm/Tloc      ##........   10%         2    ###....

Your spell library contained the following spells:

 Spells                   Type           Power        Failure   Level  Hunger
 Gell's Gravitas          Tloc           ###.......   13%         3    ###....
 Lesser Beckoning         Tloc           ###.......   13%         3    ###....
 Teleport Other           Tloc           ###.....     13%         3    ###....
 Passage of Golubria      Tloc           N/A          41%         4    #####..


Dungeon Overview and Level Annotations

Branches:
Dungeon (7/15)
 Temple: D:4-7

Altars:
Fedhas
Hepliaklqana
Kikubaaqudgha
Qazlal
Uskayaw
Yredelemnul

Shops:
D:5 [


Innate Abilities, Weirdness & Mutations

You have a pair of small horns on your head.
You are partially covered in icy blue scales. (AC +2)
You are slightly more attuned to the shadows.
You are partially covered in sharp spines.
You tend to lose your temper in combat.
Your mind is acute. (Int +2)
You have an increased reservoir of magic. (+10% MP)
You are resistant to hostile enchantments. (MR+)


Message History

The scorpion is no longer paralysed.
The hornet completely misses you. The scorpion stings you.
* * * LOW HITPOINT WARNING * * *
You can move again.
Unknown command.
You miss the hornet. Your headbutt misses the hornet.
The hornet is almost dead.
* * * LOW HITPOINT WARNING * * *
You feel sick.
The worker ant is no longer paralysed.
The hornet is struck by your spines.
You kill the hornet!
Your Dodging skill increases to level 3!
Your Stealth skill increases to level 2!
Your Translocations skill increases to level 4!
Your Invocations skill increases to level 4!
The scorpion stings you but does no damage.
It was a potion of flight.
You feel very buoyant.
You fly up into the air.
You die...

.. #.. .#..
..... ..
.##..#####...
......<....a#
.##...@s.....
##......^.#
#........#
##.......#
#.[.....#
#..##.#.#
##.# .#.#


You could see a scorpion and a worker ant (sleeping).

Vanquished Creatures
  Prince Ribbit (D:5)
  A hornet (D:7)
  A black bear (D:6)
  2 phantoms
  A sky beast (D:5)
  A big kobold (Sewer)
  A howler monkey (D:5)
  A crimson imp (D:5)
  2 jellies
  2 orc priests
  2 hounds
  4 orc wizards
  Jessica (D:2)
  An iguana (D:5)
  A worker ant (D:5)
  A hound skeleton (D:5)
  A howler monkey skeleton (D:4)
  10 adders
  3 worms
  3 dart slugs
  A leopard gecko (D:3)
  11 orcs
  A ball python (D:3)
  7 giant cockroaches
  6 goblins
  9 hobgoblins
  12 jackals
  7 bats
  2 frilled lizards (D:2)
  6 kobolds
  13 rats
115 creatures vanquished.

Notes
Turn   | Place    | Note
-------+----------+-------------------------------------------
     0 | D:1      | Jannitor the Demonspawn Warper began the quest for the Orb.
     0 | D:1      | Reached XP level 1. HP: 16/16 MP: 3/3
   160 | D:1      | Gained mutation: You have a pair of small horns on your head. [demonic ancestry]
   160 | D:1      | Reached XP level 2. HP: 16/23 MP: 5/5
   837 | D:2      | Noticed Jessica
  1010 | D:2      | Gained mutation: You are partially covered in sharp spines. [demonic ancestry]
  1010 | D:2      | Reached XP level 3. HP: 11/28 MP: 6/6
  1816 | D:2      | Killed Jessica
  1816 | D:2      | Reached XP level 4. HP: 18/35 MP: 7/7
  2036 | D:2      | Found a stormy altar of Qazlal.
  2096 | D:2      | Learned a level 2 spell: Blink
  2100 | D:2      | Learned a level 2 spell: Shroud of Golubria
  2303 | D:3      | Reached skill level 1 in Armour
  2460 | D:3      | Found a glowing drain.
  2486 | D:3      | Reached XP level 5. HP: 16/42 MP: 8/8
  2721 | Sewer    | Entered a sewer
  2826 | Sewer    | Gained mutation: You are resistant to hostile enchantments. (MR+) [potion of mutation]
  2826 | Sewer    | Gained mutation: You tend to lose your temper in combat. [potion of mutation]
  2826 | Sewer    | Gained mutation: Your mind is acute. (Int +2) [potion of mutation]
  2826 | Sewer    | Gained mutation: You have an increased reservoir of magic. (+10% MP) [potion of mutation]
  2834 | Sewer    | Reached skill level 1 in Charms
  3033 | Sewer    | Found a white marble altar of Elyvilon.
  3316 | D:3      | Gained mutation: You are slightly more attuned to the shadows. [demonic ancestry]
  3316 | D:3      | Reached XP level 6. HP: 24/48 MP: 9/9
  3777 | D:4      | Found a basalt altar of Yredelemnul.
  3957 | D:4      | Found a hide-covered altar of Uskayaw.
  3957 | D:4      | Noticed a hand axe
  3958 | D:4      | Noticed a dagger
  4412 | D:4      | Became a worshipper of Uskayaw the Reveler
  4590 | D:4      | Found a hazy altar of Hepliaklqana.
  4590 | D:4      | Found a blossoming altar of Fedhas.
  4773 | D:4      | Reached * piety under Uskayaw
  5007 | D:5      | Entered Level 5 of the Dungeon
  5078 | D:5      | Reached ** piety under Uskayaw
  5082 | D:5      | HP: 1/48 [iguana (7)]
  5437 | D:5      | Noticed Prince Ribbit
  5442 | D:5      | Reached XP level 7. HP: 37/55 MP: 11/11
  5448 | D:5      | Reached *** piety under Uskayaw
  5450 | D:5      | Reached **** piety under Uskayaw
  5465 | D:5      | Reached ***** piety under Uskayaw
  5472 | D:5      | Killed Prince Ribbit
  6040 | D:5      | Found Gonus's Antique Armour Shoppe.
  6047 | D:5      | Bought a runed leather armour for 120 gold pieces
  6251 | D:6      | Reached skill level 5 in Fighting
  6709 | D:6      | Found an ancient bone altar of Kikubaaqudgha.
  6737 | D:5      | Reached skill level 1 in Stealth
  6737 | D:5      | Gained mutation: You are partially covered in icy blue scales. (AC +2) [demonic ancestry]
  6737 | D:5      | Reached XP level 8. HP: 48/62 MP: 12/12
  7359 | D:6      | Reached skill level 5 in Short Blades
  7544 | D:7      | Noticed a hornet
  7550 | D:7      | Paralysed by a hornet for 2 turns
  7551 | D:7      | HP: 3/63 [scorpion (4)]
  7552 | D:7      | Killed a hornet
  7553 | D:7      | Succumbed to a scorpion's poison

Skill      XL: |  1  2  3  4  5  6  7  8 |
---------------+-------------------------+-----
Short Blades   | 2 3 4 5 |  5.1
Fighting       | 3 4 5 |  5.6
Armour         | 1 2 3 |  3.0
Charms         | 1 2 |  2.2
Translocations | 3 4 |  4.0
Invocations    | 3 4 |  4.1
Dodging        | 2 3 |  3.0
Stealth        | 1 2 |  2.2
Throwing       | |  0.8
Spellcasting   | |  2.0

Action                   |  1- 3 |  4- 6 |  7- 9 || total
-------------------------+-------+-------+-------++-------
Melee: Short sword       |   141 |   180 |    96 ||   417
       Headbutt          |    11 |    29 |    19 ||    59
 Cast: Shroud of Golubri |       |     1 |       ||     1
       Blink             |       |     1 |     3 ||     4
Evoke: Wand              |       |     2 |       ||     2
  Use: Potion            |     1 |     1 |     5 ||     7
 Stab: Sleeping          |       |     2 |     1 ||     3
       Distracted        |       |     1 |     1 ||     2
       Paralysed         |       |       |     4 ||     4
  Eat: Chunk             |     3 |     6 |     1 ||    10
       Ration            |       |     2 |     1 ||     3
Armor: Leather armour    |    33 |    24 |    38 ||    95
Dodge: Dodged            |    75 |    92 |    56 ||   223
